 Dungeon Crawl Stone Soup version 0.30-a0-652-gcc886f7154 (webtiles) character file.

Game seed: 18275392560123985693

74 avis the Shooter (level 3, -6/30 (31) HPs)
             Began as a Demigod Hunter on Jan 18, 2023.
             Mangled by Crazy Yiuf
             ... wielding a +2 quarterstaff of chaos
              (7 damage)
             ... on level 3 of the Dungeon.
             The game lasted 00:07:09 (1201 turns).

avis the Shooter (Demigod Hunter)                   Turns: 1201, Time: 00:07:09

HP:   -6/30 (31)    AC:  3    Str: 12    XL:     3   Next: 85%
MP:   5/5           EV: 12    Int: 11    God:
Gold: 86            SH:  0    Dex: 21    Spells: 2/2 levels left

rFire   . . .      SeeInvis .    b - +0 shortbow
rCold   . . .      Faith    .    (shield currently unavailable)
rNeg    . . .      Spirit   .    c - +0 leather armour
rPois   .          Reflect  .    (no helmet)
rElec   .          Harm     .    (no cloak)
rCorr   .          Rampage  .    (no gloves)
Will    .....                    (no boots)
Stlth   ++                       (no amulet)
HPRegen 0.25/turn                (no ring)
MPRegen 0.09/turn                (no ring)

@: lightly drained
A: high MP 1, forlorn, divine attributes
a: no special abilities


You were on level 3 of the Dungeon.
You visited 1 branch of the dungeon, and saw 3 of its levels.

You collected 86 gold pieces.

Inventory:

Hand Weapons
 a - a +2 dagger of speed
 b - a +0 shortbow (weapon)
 r - a +2 hammer of protection
Armour
 c - a +0 leather armour (worn)
 g - a scarf of shadows
Jewellery
 h - an amulet of reflection
 l - a ring of willpower
 q - a +6 ring of dexterity
Scrolls
 d - a scroll of identify {unknown}
 e - a scroll of blinking {unknown}
 f - a scroll of enchant armour {unknown}
 j - a scroll of immolation
 m - 3 scrolls of vulnerability {unknown}
 o - a scroll of poison {unknown}
Potions
 i - a potion of might {unknown}
 k - 2 potions of attraction {unknown}
 n - 2 potions of degeneration {unknown}
 p - 2 potions of curing {unknown}


   Skills:
 - Level 3.0 Fighting
 * Level 4.4 Ranged Weapons
 - Level 2.0 Dodging
 - Level 1.0 Stealth


You had 2 spell levels left.
You didn't know any spells.
Your spell library contained the following spells:

 Spells                   Type           Power      Damage    Failure   Level
 Apportation              Tloc           0%         N/A       41%         1
 Ensorcelled Hibernation  Hex/Ice        0%         N/A       56%         2
 Passwall                 Tmut/Erth      0%         N/A       56%         2
 Kindle Blastsparks       Fire/Tloc/Air  0%         2d10      80%         3
 Swiftness                Air            0%         N/A       80%         3
 Fulminant Prism          Conj/Hex       0%         3d5       99%         4
 Iskenderun's Mystic Bla  Conj/Tloc      0%         2d3       99%         4
 Alistair's Intoxication  Tmut/Pois      0%         N/A       100%        5
 Lee's Rapid Deconstruct  Erth           0%         3d4*      100%        5


Dungeon Overview and Level Annotations

Branches:
Dungeon (3/15)

Annotations:
D:3 Crazy Yiuf


Innate Abilities, Weirdness & Mutations

You have an increased reservoir of magic. (+10% MP)
You shall have no god before yourself.
Your divine heritage dramatically boosts your attributes as you level up.


Message History

You shoot an arrow.
The arrow hits Crazy Yiuf but does no damage.
Crazy Yiuf is severely wounded.
Crazy Yiuf hits you with a +2 quarterstaff of chaos!
Crazy Yiuf closely misses you.
Fire: b) +0 shortbow
Press: ? - help, Q - select action Shift-Dir - straight line, f/p - Crazy Yiuf
Aim: Crazy Yiuf, wielding a +2 quarterstaff of chaos and wearing a +2 cloak of stealth (severely wounded, 69% to hit)
You shoot an arrow. The arrow barely misses Crazy Yiuf.
Crazy Yiuf hits you with a +2 quarterstaff of chaos!
Crazy Yiuf freezes you.
* * * LOW HITPOINT WARNING * * *
Fire: b) +0 shortbow
Press: ? - help, Q - select action Shift-Dir - straight line, f/p - Crazy Yiuf
Aim: Crazy Yiuf, wielding a +2 quarterstaff of chaos and wearing a +2 cloak of stealth (severely wounded, 69% to hit)
You shoot an arrow. The arrow closely misses Crazy Yiuf.
Crazy Yiuf hits you with a +2 quarterstaff of chaos.
* * * LOW HITPOINT WARNING * * *
You feel drained.
* * * LOW HITPOINT WARNING * * *
Fire: b) +0 shortbow
Press: ? - help, Q - select action Shift-Dir - straight line, f/p - Crazy Yiuf
Aim: Crazy Yiuf, wielding a +2 quarterstaff of chaos and wearing a +2 cloak of stealth (severely wounded, 69% to hit)
You shoot an arrow. The arrow closely misses Crazy Yiuf.
Crazy Yiuf screams, "East!
Mountain tortoise hog."
Crazy Yiuf hits you with a +2 quarterstaff of chaos.
* * * LOW HITPOINT WARNING * * *
Crazy Yiuf completely misses you.
Fire: b) +0 shortbow
Press: ? - help, Q - select action Shift-Dir - straight line, f/p - Crazy Yiuf
Aim: Crazy Yiuf, wielding a +2 quarterstaff of chaos and wearing a +2 cloak of stealth (severely wounded, 69% to hit)
You shoot an arrow. The arrow barely misses Crazy Yiuf.
Crazy Yiuf barely misses you.
Fire: b) +0 shortbow
Press: ? - help, Q - select action Shift-Dir - straight line, f/p - Crazy Yiuf
Aim: Crazy Yiuf, wielding a +2 quarterstaff of chaos and wearing a +2 cloak of stealth (severely wounded, 69% to hit)
You shoot an arrow. The arrow barely misses Crazy Yiuf.
Crazy Yiuf yells, "Millenium sing snail!"
Crazy Yiuf hits you with a +2 quarterstaff of chaos!
You die...

### ♣♣#### #
#)))#♣♣ ♣♣..#.##.#
#.))g@♣♣♣♣........#
#)))#♣))♣......##.#
### ♣♣♣)♣)..#.<..#
♣♣♣♣♣##..### #...#
#....# ....##
#....# ##.#.#


You could see Crazy Yiuf.

Vanquished Creatures
  2 adders (D:2)
  A gnoll (D:1)
  2 dart slugs
  4 ball pythons (D:1)
  2 bats
  4 endoplasms
  2 giant cockroaches (D:1)
  3 goblins
  6 hobgoblins
  3 jackals (D:2)
  A quokka (D:1)
  3 kobolds
  4 rats
37 creatures vanquished.

Notes
Turn   | Place    | Note
-------+----------+-------------------------------------------
     0 | D:1      | avis the Demigod Hunter began the quest for the Orb.
     0 | D:1      | Reached XP level 1. HP: 17/17 MP: 3/3
    15 | D:1      | Reached skill level 1 in Stealth
    25 | D:1      | Reached XP level 2. HP: 24/24 MP: 4/4
    36 | D:1      | Reached skill level 4 in Ranged Weapons
   362 | D:1      | Reached XP level 3. HP: 30/30 MP: 5/5
  1188 | D:3      | Found a runed translucent door.
  1189 | D:3      | Noticed Crazy Yiuf
  1198 | D:3      | HP: 1/30 [Crazy Yiuf/+2 quarterstaff of chaos (1)]
  1201 | D:3      | Mangled by Crazy Yiuf

Illustrated notes

Levels and vault maps discovered:
D:1:      mrwooster_arrival_arrow, layout_basic,
          shapermc_ecumenical_altar_hornbeckon
D:2:      layout_basic, mrwooster_statue_mirror, minmay_misc_feat_secret_circle
D:3:      layout_loops_ring, nzn_hepliaklqana_mist_gate, grunt_ministairs_13,
          uniq_natasha, uniq_crazy_yiuf_cottage

Skill      XL: |  1  2  3 |
---------------+----------+-----
Fighting       | 2 3 |  3.0
Dodging        | 2 |  2.0
Stealth        | 1 |  1.0
Ranged Weapons | 4 |  4.4

Action                   || total
-------------------------++-------
Melee: Dagger            ||    10
 Fire: Shortbow          ||   102
Armor: Leather armour    ||     8
Dodge: Dodged            ||    34

Table legend: (Time is in decaauts)
 A = Elapsed time spent in this place.
 B = Non-inter-level travel time spent in this place.
 C = Inter-level travel time spent in this place.
 D = Time resting spent in this place.
 E = Time spent auto-exploring this place.
 F = Levels seen in this place.
 G = Mean time per level.
                   A        B        C        D        E       F      G
               +--------+--------+--------+--------+--------+-----+--------+
         Total |   1237 |   1120 |    117 |     62 |    744 |   3 |  412.3 |
       Dungeon |   1237 |   1120 |    117 |     62 |    744 |   3 |  412.3 |
               +--------+--------+--------+--------+--------+-----+--------+

Top non-repeatable levels by time:
     D:1: 676 daAuts
     D:2: 537 daAuts
     D:3: 23 daAuts
